 Dungeon Crawl Stone Soup version 0.29.1-1-gd02db6906a (webtiles) character file.

Game seed: 9222972495230688902

2836 GigaChad the Protected (level 9, -1/81 HPs)
             Began as a Minotaur Fighter on Sept 19, 2022.
             Was a Believer of Ashenzari.
             Slain by a cyclops (21 damage)
             ... on level 8 of the Dungeon.
             The game lasted 00:18:56 (8847 turns).

GigaChad the Protected (Minotaur Fighter)           Turns: 8847, Time: 00:18:56

Health: -1/81      AC: 17    Str: 27    XL:     9   Next: 45%
Magic:  0/2        EV: 11    Int:  5    God:    Ashenzari [**....]
Gold:   396        SH:  5    Dex: 11    Spells: 8/8 levels left

rFire   . . .      SeeInvis +   k - +9 dagger of Wyrd {antimagic, Str+3}
rCold   + + .      Faith    .   c - +0 buckler of Supernal Understanding {Bglg, Comp} (curse)
rNeg    . . .      Spirit   +   s - +0 chain mail
rPois   .          Reflect  .   n - +2 hat "Eternal Together" {Alch, Evo} (curse)
rElec   .          Harm     .   (no cloak)
rCorr   .          Rampage  .   l - +2 pair of gloves of Panopticon {infuse, Cun, Bglg} (curse)
Will    .....                   (no boots)
Stlth   ..........              g - amulet of the Bound Jealousy {Spirit rC++ Stlth+, Elem, Range} (curse)
HPRegen 0.23/turn               (no ring)
MPRegen 0.08/turn               (no ring)

@: no status effects
A: horns 2, retaliatory headbutt
a: Renounce Religion, Shatter the Chains


You were on level 8 of the Dungeon.
You worshipped Ashenzari.
Ashenzari was pleased with you.
You visited 2 branches of the dungeon, and saw 9 of its levels.

You collected 396 gold pieces.

Inventory:

Hand Weapons
 a - a +0 long sword
 k - the +9 dagger of Wyrd (weapon) {antimagic, Str+3}
   (You found it on level 3 of the Dungeon)

   It reduces the magical energy of the wielder, and disrupts the spells and
   magical abilities of those it strikes.
   Natural abilities and divine invocations are not affected.
   Str:       It affects your strength (+3).
 y - a +0 vampiric trident
 z - a +3 falchion of freezing
 E - a +4 battleaxe
 F - a +0 long sword of holy wrath
 G - a +2 halberd of freezing
 N - a +0 hand axe of freezing
Armour
 b - a +0 scale mail
 c - the cursed +0 buckler of Supernal Understanding (worn) {Bglg, Comp}

   It has a curse which improves the following skills: Beguiling: Conjurations,
   Hexes and Translocations.
   Companions: Summonings and Necromancy.
 l - the cursed +2 pair of gloves of Panopticon (worn) {infuse, Cun, Bglg}
   (You found it on level 2 of the Dungeon)

   It has a curse which improves the following skills: Cunning: Dodging and
   Stealth.
   Beguiling: Conjurations, Hexes and Translocations.
 n - the cursed +2 hat "Eternal Together" (worn) {Alch, Evo}
   (You found it on level 2 of the Dungeon)

   It has a curse which improves the following skills: Alchemy: Poison Magic and
   Transmutations.
   Evocations: Evocations.
 s - a +0 chain mail (worn)
Jewellery
 g - the cursed amulet of the Bound Jealousy (around neck) {Spirit rC++ Stlth+, Elem, Range}
   (You acquired it on level 1 of the Dungeon)

   [amulet of guardian spirit]

   It causes incoming damage to be divided between your reserves of health and
   magic.
   rC:        It greatly protects you from cold.
   Stlth:     It makes you more stealthy.
   It has a curse which improves the following skills: Elements: Fire Magic, Ice
   Magic, Air Magic and Earth Magic.
   Ranged Combat: Ranged Weapons and Throwing.
 C - an amulet of faith
 I - a ring of protection from fire
Wands
 p - a wand of mindburst (21)
 w - a wand of digging (5)
 A - a wand of iceblast (18)
Scrolls
 f - 2 scrolls of vulnerability
 i - 2 scrolls of amnesia
 o - 3 scrolls of noise
 r - a scroll of summoning
 v - 3 scrolls of fog
 D - 5 scrolls of magic mapping
 H - a scroll of blinking
 J - a scroll of fear
 L - 2 scrolls of identify
Potions
 d - 3 potions of might
 e - 2 potions of curing
 h - 3 potions of haste
 j - a potion of degeneration
 m - a potion of magic
 q - 2 potions of brilliance
 t - 5 potions of cancellation
 u - 2 potions of heal wounds
 x - 2 potions of lignification
 B - 2 potions of flight
 K - a potion of berserk rage
 M - a potion of resistance


   Skills:
 * Level 8.0 Fighting
 - Level 1.4(3.5) Short Blades
 - Level 5.6(5.8) Long Blades
 + Level 9.8 Armour
 + Level 7.4(8.7) Dodging
 - Level 0.8(1.5) Stealth
 - Level 5.1 Shields


You had 8 spell levels left.
You didn't know any spells.
Your spell library contained the following spells:

 Spells                   Type           Power      Damage    Failure   Level
 Sublimation of Blood     Necr           0%         N/A       99%         2
 Wereblood                Tmut           0%         N/A       99%         2
 Summon Hydra             Summ           0%         N/A       100%        7


Dungeon Overview and Level Annotations

Branches:
Dungeon (8/15)             Temple (1/1) D:5
   Lair: D:8-11

Altars:
Ashenzari
Cheibriados
Elyvilon
Fedhas
Gozag
Hepliaklqana
Makhleb
Nemelex Xobeh
Okawaru
Qazlal
Ru
Sif Muna
Uskayaw
Vehumet
Wu Jian
Xom
Yredelemnul
Zin
The Shining One


Innate Abilities, Weirdness & Mutations

You have a pair of horns on your head.
You reflexively headbutt those who attack you in melee.


Message History

You hit the killer bee. Your headbutt misses the killer bee.
The killer bee is severely wounded.
You feel very sick. The killer bee stings you.
The killer bee stings you but does no damage.
The killer bee barely misses you. You block the killer bee's attack.
You puncture the killer bee!
You kill the killer bee!
You feel sick. The killer bee closely misses you.
Your Fighting skill increases to level 8!
You feel sick.
The killer bee stings you but does no damage.
The killer bee stings you. The killer bee closely misses you.
The killer bee barely misses you.
You miss the killer bee. Your headbutt misses the killer bee.
You feel sick. You block the killer bee's attack. The killer bee misses you.
You furiously retaliate!
You headbutt the killer bee. The killer bee stings you.
* * * LOW HITPOINT WARNING * * *
The killer bee stings you.
* * * LOW HITPOINT WARNING * * *
You closely miss the killer bee.
The killer bee is moderately wounded.
You feel sick.
The killer bee stings you but does no damage. x2
The killer bee completely misses you.
You puncture the cyclops!
The cyclops is moderately wounded.
You feel sick. The killer bee closely misses you.
You puncture the cyclops!
You headbutt the cyclops, but do no damage.
The cyclops is heavily wounded.
You feel sick. The killer bee stings you.
* * * LOW HITPOINT WARNING * * *
You are lethally poisoned!
The killer bee poisons you! The killer bee closely misses you.
You feel better. You block the killer bee's attack. The killer bee stings you.
* * * LOW HITPOINT WARNING * * *
The cyclops hits you!!
You die...

#####..## #..#.####.....
#...#...## ##.[..........
#.........## ######.......
...........# ##......
...........# ######......
*...........######...........
#.........###.....##########
##...#.....##.##### ##
#########.@#.###### ##..
###Cy......######..#
,#..y..####...##...##
,,....)......# ###....##..
............##.......#.# ,
...............#####...#
,,.............## #..##
............## #..# ,
...........(# ####..##


You could see a cyclops and 2 killer bees.

Vanquished Creatures
  Menkaure (D:4)
  An acid dragon (D:8)
  3 water moccasins
  2 ice beasts
  An orc warrior (D:7)
  2 black bears
  A centaur (D:7)
  3 ogres
  2 bullfrogs (D:7)
  2 scorpions
  3 wights (D:7)
  A killer bee (D:8)
  2 howler monkeys
  6 hounds
  4 jellies
  9 orc priests
  4 iguanas
  4 orc wizards
  8 adders
  A shadow imp (D:7)
  2 white imps
  3 ufetubi (D:4)
  A worm (D:2)
  22 orcs
  7 endoplasms
  5 giant cockroaches
  5 goblins
  7 hobgoblins
  9 jackals
  6 quokkas
  6 ball pythons
  4 bats
  9 frilled lizards
  13 kobolds
  6 rats
165 creatures vanquished.

Notes
Turn   | Place    | Note
-------+----------+-------------------------------------------
     0 | D:1      | GigaChad the Minotaur Fighter began the quest for the Orb.
     0 | D:1      | Reached XP level 1. HP: 19/19 MP: 0/0
   416 | D:1      | Reached skill level 4 in Armour
   416 | D:1      | Reached XP level 2. HP: 27/27 MP: 1/1
   588 | D:1      | Identified a scroll of acquirement
   588 | D:1      | Acquired the amulet of Nojal {Spirit rC++ Stlth+}
   885 | D:1      | Reached XP level 3. HP: 33/33 MP: 2/2
  1922 | D:2      | Reached XP level 4. HP: 31/40 MP: 1/3
  2607 | D:3      | Noticed an ogre
  2638 | D:3      | Killed an ogre
  2639 | D:3      | Reached XP level 5. HP: 15/47 MP: 1/4
  2972 | D:3      | Identified the +9 dagger of Wyrd {antimagic, Str+3}
  3404 | D:4      | Reached skill level 5 in Long Blades
  3404 | D:4      | Reached XP level 6. HP: 43/53 MP: 0/5
  3415 | D:4      | Reached skill level 1 in Dodging
  3642 | D:4      | Reached skill level 1 in Short Blades
  3642 | D:4      | Reached skill level 5 in Armour
  3642 | D:4      | Reached skill level 5 in Shields
  3703 | D:4      | Noticed Menkaure
  3711 | D:4      | Killed Menkaure
  3712 | D:4      | Reached skill level 5 in Fighting
  3783 | D:4      | Reached XP level 7. HP: 61/61 MP: 0/6
  4305 | D:5      | Entered Level 5 of the Dungeon
  4458 | D:5      | Found a staircase to the Ecumenical Temple.
  4470 | D:5      | Reached skill level 5 in Dodging
  4484 | Temple   | Entered the Ecumenical Temple
  4602 | Temple   | Became a worshipper of Ashenzari the Shackled
  5134 | D:5      | Reached XP level 8. HP: 65/68 MP: 0/7
  5737 | D:6      | Reached skill level 6 in Armour
  5985 | D:6      | Reached * piety under Ashenzari
  6076 | D:6      | Reached skill level 7 in Armour
  6919 | D:7      | Reached skill level 8 in Armour
  7002 | D:7      | Found a hazy altar of Hepliaklqana.
  7002 | D:7      | Found a sacrificial altar of Ru.
  7551 | D:7      | Reached XP level 9. HP: 60/78 MP: 0/8
  7815 | D:7      | Reached skill level 9 in Armour
  7983 | D:7      | Reached ** piety under Ashenzari
  8832 | D:8      | Noticed a cyclops
  8847 | D:8      | Slain by a cyclops

Illustrated notes

Levels and vault maps discovered:
D:1:      dpeg_arrival_castle, layout_basic, chequers_serial_rivers_small_a,
          minmay_fountain_box
D:2:      layout_basic, nicolae_ecumenical_snake_handling, nrook_campfire
D:3:      layout_loops_ring, minmay_fractal_squares_5
D:4:      layout_basic, uniq_menkaure
D:5:      layout_gridville, minmay_temple_entry_slanted, serial_rivers,
          chequers_serial_rivers_marsh, chequers_serial_rivers_micro_e,
          chequers_serial_rivers_large_b, chequers_serial_rivers_micro_b
D:6:      layout_loops_corners
D:7:      layout_loops_ring, mainiacjoe_overflow_divided_tiny,
          nrook_mini_vaults, kennysheep_potato
D:8:      layout_rooms
Temple:   nicolae_temple_bog_church

Skill      XL: |  1  2  3  4  5  6  7  8  9 |
---------------+----------------------------+-----
Armour         | 4 5 8 9 |  9.8
Fighting       | 4 5 6 8 |  8.0
Long Blades    | 3 4 5 |  5.6
Shields        | 4 5 |  5.1
Dodging        | 1 6 7 |  7.4
Short Blades   | 1 |  1.4
Stealth        | |  0.8

Action                   |  1- 3 |  4- 6 |  7- 9 || total
-------------------------+-------+-------+-------++-------
Melee: Long sword        |   103 |    36 |       ||   139
       Headbutt          |     9 |    15 |    46 ||    70
       Dagger            |       |    46 |   228 ||   274
Invok: Curse Item        |       |       |     4 ||     4
  Use: Scroll            |     4 |     2 |     2 ||     8
       Potion            |       |       |     1 ||     1
Armor: Scale mail        |    52 |    31 |       ||    83
       Chain mail        |       |    30 |   123 ||   153
Dodge: Dodged            |    55 |    38 |   123 ||   216
Block: Buckler           |    21 |    26 |    53 ||   100
